 Dungeon Crawl Stone Soup version 0.31-a0-185-g9dded2c639 (webtiles) character file.

Game seed: 18418403043794739857

61 qw the Shooter (level 3, -4/20 HPs)
             Began as a Deep Elf Hunter on June 22, 2023.
             Slain by a worm (6 damage)
             ... on level 2 of the Dungeon.
             The game lasted 00:00:29 (1429 turns).

qw the Shooter (Deep Elf Hunter)                    Turns: 1429, Time: 00:00:29

Health: -4/20      AC:  3    Str:  7 (10) XL:     3   Next: 83%
Magic:  5/5        EV: 12    Int: 10 (13) God:
Gold:   88         SH:  0    Dex: 16 (18) Spells: 2/2 levels left

rFire   . . .        Y - +1 shortbow
rCold   . . .        (shield currently unavailable)
rNeg    . . .        c - +0 leather armour
rPois   .            (no helmet)
rElec   .            (no cloak)
rCorr   .            (no gloves)
SInv    .            (no boots)
Will    .....        (no amulet)
Stlth   ++           (no ring)
HPRegen 0.23/turn    (no ring)
MPRegen 0.09/turn

%: no passive effects
@: about to teleport
A: no striking features
a: no special abilities


You were on level 2 of the Dungeon.
You visited 1 branch of the dungeon, and saw 2 of its levels.

You collected 88 gold pieces.


   Skills:
 - Level 1.5 Fighting
 + Level 7.3 Ranged Weapons
 - Level 2.4 Dodging
 - Level 1.2 Stealth


You had 2 spell levels left.
You didn't know any spells.
Your spell library was empty.

Inventory:

Hand Weapons
 Y - a +1 shortbow (weapon)
Armour
 c - a +0 leather armour (worn)
Scrolls
 a - a scroll of identify
 b - a scroll of teleportation
 d - a scroll of vulnerability {unknown}
Potions
 i - a potion of brilliance {unknown}
 j - 2 potions of curing {unknown}
 k - 3 potions of heal wounds {unknown}

Dungeon Overview and Level Annotations

Branches:
Dungeon (2/15)

Altars:


Message History

Enter note:
Enter note:
Enter note:
Enter note:
Enter note:
1420 ||| Stepping ~*~*~tactically~*~*~ (water).
Enter note:
Enter note:
Enter note:
Enter note:
Enter note:
Enter note:
Enter note:
Enter note:
Enter note:
Enter note:
Enter note:
Enter note: You shoot an arrow.
The arrow hits the worm.
The worm is lightly wounded.
You shoot an arrow. The arrow barely misses the worm.
The worm bites you.
You shoot an arrow. The arrow hits the worm.
The worm is moderately wounded.
The worm barely misses you.
You shoot an arrow. The arrow barely misses the worm.
You shoot an arrow. The arrow hits the worm.
The worm is moderately wounded.
The worm bites you!
Ouch! That really hurt!
You shoot an arrow. The arrow hits the worm!
The worm is severely wounded.
The worm bites you!
1428 ||| READING 2 scrolls of teleportation.
As you read the scroll of teleportation, it crumbles to dust.
You feel strangely unstable.
You shoot an arrow. The arrow hits the worm.
The worm is severely wounded.
The worm bites you.
You die...

#..# ##
######..####### #.
...............
#.########.######.
#..# #.# #. ##
##..## #.# #.
##..#...~#
#.######.
#.....#.~##
#........ #w@~~~#
#........ ##.#~~##
#.######. #.##~~#
#........ #.##~~#
#.##.###. #..##~#
#.##.#### ### #~##
#~##.##.. #~~#
#~#..##.# #~~#
#~##.##.# ####~~#
#~~#....#


You could see a worm.

Vanquished Creatures
  2 adders (D:2)
  A dart slug (D:1)
  6 ball pythons
  2 bats (D:2)
  5 endoplasms
  3 goblins (D:1)
  7 hobgoblins
  3 kobolds
  2 quokkas (D:2)
  3 rats
34 creatures vanquished.

Notes
Turn   | Place    | Note
-------+----------+-------------------------------------------
     0 | D:1      | qw the Deep Elf Hunter began the quest for the Orb.
     0 | D:1      | Reached XP level 1. HP: 12/12 MP: 3/3
     0 | D:1      | 0 ||| qw: Version: 0.3-a-9-g12657ce
     0 | D:1      | 0 ||| qw: Game counter: 1909
     0 | D:1      | 0 ||| qw: Always use a shield: true
     0 | D:1      | 0 ||| qw: God list: Okawaru
     0 | D:1      | 0 ||| qw: Allow faded altars: false
     0 | D:1      | 0 ||| qw: Do Orc after D:15 true
     0 | D:1      | 0 ||| qw: Do second Lair branch before Depths: true
     0 | D:1      | 0 ||| qw: Lair rune preference: random
     0 | D:1      | 0 ||| qw: Plans: Normal
     0 | D:1      | 0 ||| PLANNING D:1-11
   195 | D:1      | Reached XP level 2. HP: 16/16 MP: 4/4
   199 | D:1      | Reached skill level 6 in Ranged Weapons
   221 | D:1      | Found a faded altar of an unknown god.
   869 | D:1      | 869 ||| READING 2 scrolls labelled HIEN OGOGG.
   870 | D:1      | 870 ||| READING scroll labelled HAQ TUIWO.
   873 | D:1      | 873 ||| READING scroll labelled DYKHLI VODDEA.
   874 | D:1      | 874 ||| READING scroll labelled QUN WUSTYAGAIKA.
   875 | D:1      | 875 ||| DRINKING 2 smoky white potions.
   876 | D:1      | 876 ||| DROPPING scroll of butterflies.
   877 | D:1      | 877 ||| DROPPING potion of degeneration.
   939 | D:2      | Reached XP level 3. HP: 20/20 MP: 5/5
  1159 | D:2      | Reached skill level 7 in Ranged Weapons
  1420 | D:2      | 1420 ||| Stepping ~*~*~tactically~*~*~ (water).
  1427 | D:2      | HP: 2/20 [worm (7)]
  1428 | D:2      | 1428 ||| READING 2 scrolls of teleportation.
  1429 | D:2      | Slain by a worm

Levels and vault maps discovered:
D:1:      psy_arrival_conway, layout_basic, serial_glass, glass_columns_a,
          glass_columns_a, glass_columns_a, glass_columns_b,
          nicolae_ecumenical_snake_handling
D:2:      layout_loops_ring, serial_rivers, chequers_serial_rivers_micro_a,
          chequers_serial_rivers_large_b, chequers_serial_rivers_micro_b,
          chequers_serial_rivers_micro_c, chequers_serial_rivers_micro_a,
          chequers_serial_rivers_micro_c

Skill      XL: |  1  2  3 |
---------------+----------+-----
Ranged Weapons | 6 7 |  7.3
Fighting       | |  1.5
Dodging        | |  2.4
Stealth        | |  1.2

Action                     || total
---------------------------++-------
   Fire: Shortbow          ||    93
    Use: Scroll            ||     5
         Potion            ||     1
 Armour: Leather armour    ||     7
  Dodge: Dodged            ||    25

Table legend:
 A = Non-vault XP
 B = Vault XP
 C = Vault XP percentage of total XP
 D = Non-vault monster count
 E = Vault monster count
 F = Vault count percentage of total count
                 A         B        C        D         E       F
            +---------+---------+-------+---------+---------+-------
      Total |      82 |       6 |   6.8 |      31 |       3 |   8.8
            +---------+---------+-------+---------+---------+-------
        D:1 |      32 |       6 |  15.8 |      16 |       3 |  15.8
        D:2 |      50 |       0 |   0.0 |      15 |       0 |   0.0
            +---------+---------+-------+---------+---------+-------
